Unix xNetHack Version 7.1.0 - last build Jul 19 2022 04:02:08 (a8c4666137c2c631a57c77f6261166d76d9e3895). Game began 2022-07-28 20:44:50, ended 2022-07-28 21:08:21. nmlkj, chaotic male human Wizard ------.----- |..........| |........@B. |..........| |..........| -.---------- ------.-- # |...%....#### |.......| ## |.......+ --------- Nmlkj the Thaumaturge St:10 Dx:9 Co:17 In:18 Wi:8 Ch:14 Chaotic S:2633 Dlvl:9 $:269 HP:0(53) Pw:38(49) AC:3 Xp:6/486 T:2896 Burdened Latest messages: The spell hits the bugbear! You kill the bugbear! You miss it. You miss it. You hear a nearby zap. Boing! You hear a nearby zap. Boing! What do you want to zap? A lit field surrounds you! It misses! You hit it. It slashes you! What do you want to zap? A lit field surrounds you! It lacerates you! It lacerates you! In what direction? l The spell hits it! You don't have enough energy to cast that spell. You punch it. You hear a nearby zap. It has made a hole in the ground. It falls through... You attack thin air. Really step into that hole? [yn] (n) n Really step into that hole? [yn] (n) y There is a hole here. You see here a bugbear corpse. There's a gaping hole under you! The adjacent object falls through the hole. Wizard, your life force is running out. You see here a bugbear corpse. You have a little trouble lifting $ - 31 gold pieces {0}. There is nothing here to pick up. You see here a bugbear corpse. You have a little trouble lifting F - a long wand {7}. There is nothing here to pick up. Ouch! You bump into a door. You materialize in a different location! The vampire bat bites! The vampire bat bites! The vampire bat bites! The vampire bat misses! In what direction? l The spell hits the vampire bat! The vampire bat misses! The vampire bat bites! The vampire bat bites! You die... Major events: Turn 1: nmlkj the chaotic male human Wizard entered the dungeon 922: attained the rank of Conjurer (level 3) 1758: entered Sokoban 2256: completed sokoban 1 2760: attained the rank of Thaumaturge (level 6) 2896: killed by a vampire bat Inventory: Inventory: 807/725 weight (30/52 slots) Coins $ - 269 gold pieces {3} Weapons r - 8 +0 shuriken {8} C - a fireproof +1 bullwhip {20} a - a blessed +1 quarterstaff {40} Armor t - a cursed -2 wooden orcish helm (being worn) {9} q - an uncursed burnt +0 pair of leather gloves (being worn) {8} b - an uncursed +0 cloak of magic resistance (being worn) {8} m - a blessed +1 plate mail (being worn) {338} Comestibles A - an uncursed slime mold {5} y - an uncursed candy bar labeled "The Small Bar" {2} u - an uncursed candy bar labeled "Wonka Bar" {2} s - 2 uncursed food rations {40} E - an uncursed raven corpse {40} Scrolls B - an uncursed scroll of earth {5} h - an uncursed scroll of enchant weapon {5} o - a cursed scroll of magic mapping {5} l - an uncursed scroll of water {5} Spellbooks c - a blessed spellbook of force bolt {35} d - a blessed spellbook of magic missile {40} e - an uncursed spellbook of protection {35} f - an uncursed spellbook of wizard lock {40} Potions v - an uncursed potion of booze {20} p - an uncursed potion of hallucination {20} w - an uncursed potion of healing {20} n - an uncursed potion of object detection {20} Rings x - an uncursed ring of cold resistance {3} Wands z - a wand of light (0:10) {7} F - a blessed wand of speed monster (0:7) {7} Tools D - an uncursed leash {12} g - a magic marker (0:69) {2} k - an uncursed copper magic whistle {3} Nmlkj the Wizard's attributes: Background: You were a Thaumaturge, a level 6 male human Wizard. You were chaotic, on a mission for Anhur who was opposed by Ptah (lawful) and Thoth (neutral). You were heterosexual. You were in the Dungeons of Doom, on level 9. You entered the dungeon 2896 turns ago. There was a new moon in effect when your adventure ended. You had 486 experience points, 154 more were needed to attain level 7. Your score was 2633 before end-of-game adjustments. Basics: You had 0 out of 53 hit points. You had 38 out of 49 energy points (spell power). Your armor class was 3. Your wallet contained 269 zorkmids. Autopickup was on for '$"?+!=/' plus thrown. Final Characteristics: Your strength was 10 (limit:18/100). Your dexterity was 9 (peak:10, limit:18). Your constitution was 17 (limit:18). Your intelligence was 18 (limit:18). Your wisdom was 8 (limit:18). Your charisma was 14 (limit:18). Final Status: You were not hungry. You were burdened; movement was slightly slowed. You were empty handed. You were unskilled in bare handed combat. Final Attributes: You were piously aligned. You were magic-protected. You were telepathic. You could teleport. You were guarded. You are dead. Miscellaneous: You never encountered a bones level. Total elapsed playing time was 23 minutes and 31 seconds. Vanquished creatures: a large cat a wolf a leprechaun a gnome ruler a dog a raven a rope golem 5 bugbears a pony a fog cloud a yellow light 2 gnome leaders 2 baby crocodiles a giant ant a little dog 4 floating eyes a kitten a kobold leader a hill orc 3 giant bats an orc zombie an iguana 7 hobgoblins a gnome 3 geckos 4 jackals a fox a kobold 3 goblins 2 sewer rats 7 grid bugs 3 lichens 2 kobold zombies 6 newts 73 creatures vanquished. No species were genocided or became extinct. Voluntary challenges: You read items or engraved 1 time. You never genocided any monsters. You never polymorphed an object. You never changed form. You never touched an artifact. You used no wishes. You never scared an enemy with impunity. You were celibate. You never generated conflict. You violated the special Sokoban rules once. Achievements: You attained the rank of Conjurer. You entered Sokoban. You attained the rank of Thaumaturge. The Dungeons of Doom: levels 1 to 9 Level 1: A fountain. Level 2: Level 3: Level 4: An altar. Level 5: Some fountains. Level 6: Some fountains. Level 7: Some fountains. Stairs up to Sokoban, level 6. Level 8: A throne, many fountains. Level 9: <- You were here. Final resting place for you, killed by a vampire bat. Sokoban: levels 6 up to 5 Level 5: Unsolved. Level 6: Solved. Game over: __________ / \ / REST \ / IN \ / PEACE \ / \ | nmlkj | | 269 Au | | killed by a | | vampire bat | | | | | | 2022 | *| * * * | * _________)/\\_//(\/(/\)/\//\/|_)_______ Goodbye nmlkj the Wizard... You died in The Dungeons of Doom on dungeon level 9 with 2607 points, and 269 pieces of gold, after 2896 moves. You were level 6 with a maximum of 53 hit points when you died.